 Dungeon Crawl Stone Soup version 0.23.2-1-ga50397a6bc (webtiles) character file.

Game seed: 3214201636753033111

238 Descartes the Shield-Bearer (level 6, -2/48 HPs)
             Began as a Formicid Fighter on May 30, 2019.
             Slain by a moth of wrath (20 damage)
             ... on level 3 of the Dungeon.
             The game lasted 00:06:40 (3275 turns).

Descartes the Shield-Bearer (Formicid Fighter)      Turns: 3275, Time: 00:06:41

Health: -2/48      AC:  7    Str: 21    XL:     6   Next: 28%
Magic:  6/6        EV:  9    Int:  7    God:
Gold:   102        SH: 10    Dex: 12    Spells: 5/5 levels left

rFire    . . .     SeeInvis +   a - +0 war axe
rCold    . . .     Gourm    .   c - +0 shield
rNeg     . . .     Faith    .   o - +0 scale mail
rPois    +         Spirit   .   (helmet unavailable)
rElec    .         Reflect  .   (no cloak)
rCorr    .         Harm     .   (no gloves)
MR       .....                  (no boots)
Stlth    ..........             (no amulet)
HPRegen  0.16/turn              t - ring of poison resistance
MPRegen  0.10/turn              (no ring)

@: no status effects
A: permanent stasis, dig shafts and tunnels, four strong arms, antennae 3
a: Dig, Shaft Self


You were on level 3 of the Dungeon.
You were not hungry.

You visited 1 branch of the dungeon, and saw 3 of its levels.

You collected 102 gold pieces.

Inventory:

Hand Weapons
 a - a +0 war axe (weapon)
 b - a +1 mace of draining
 v - a +0 hunting sling
Missiles
 j - 3 javelins
 q - 97 arrows
 r - 99 stones (quivered)
 s - 24 sling bullets
 y - a throwing net
Armour
 c - a +0 shield (worn)
 o - a +0 scale mail (worn)
Jewellery
 t - a ring of poison resistance (left hand)
 u - an uncursed ring of poison resistance
Scrolls
 h - a scroll of amnesia {unknown}
 i - 3 scrolls of remove curse {unknown}
 k - 3 scrolls of magic mapping {unknown}
 l - 2 scrolls of immolation {unknown}
 n - 2 scrolls of identify {unknown}
 w - 2 scrolls of teleportation {unknown}
Potions
 d - 2 potions of might
 e - a potion of degeneration {unknown}
 g - 2 potions of mutation {unknown}
 m - 4 potions of agility {unknown}
 p - a potion of flight {unknown}
 z - a potion of brilliance {unknown}
Comestibles
 f - 3 rations
 x - 2 chunks of flesh


   Skills:
 + Level 4.2 Fighting
 + Level 2.8(3.1) Axes
 + Level 1.8(2.6) Maces & Flails
 + Level 4.1 Armour
 + Level 1.5 Dodging
 * Level 5.2 Shields


You had 5 spell levels left.
You didn't know any spells.
Your spell library was empty.

Dungeon Overview and Level Annotations

Branches:
Dungeon (3/15)

Altars:
Trog
Uskayaw
Vehumet


Innate Abilities, Weirdness & Mutations

You cannot be hasted, slowed, berserked, paralysed or teleported.
You can dig through walls and to a lower floor.
Your four strong arms can wield two-handed weapons with a shield.
You have a pair of large antennae on your head. (SInv)


Message History

You butcher the rat corpse.
You butcher the felid corpse of Natasha.
x - a chunk of flesh;
x - 2 chunks of flesh (gained 1)
There is an open door here.
Things that are here:
a rat skeleton; the felid skeleton of Natasha A worm comes into view.
Found a dagger and a hand axe.
Found a short sword.
You extend your mandibles.
You dig through the iron grate.
The moth of wrath barely misses you. x2
You retract your mandibles.
You completely miss the moth of wrath. You block the moth of wrath's attack.
You slash the moth of wrath!
The moth of wrath is moderately wounded.
The moth of wrath bites you! The moth of wrath bites you!!
You closely miss the moth of wrath.
The moth of wrath is moderately wounded.
The moth of wrath bites you!!
You die...

#.# ##### #.# ###.).###
##.### ##).)....##.####....#
#.).._....##...+....##
##.........#####.......
#...w###w...#..........
#...##y##...#.#........
#....#@#....#.#._..8.._ #.
#...........#.......... #.
##.........###.........
#.####.......######.......
#....####.####...###......
#.....)##.##.....##..###..
#..........÷..............
#####.....#####.............#
#♣♣♣..#....###
#.....#####....


You could see a moth of wrath and 2 worms.

Vanquished Creatures
  An orc wizard (D:3)
  Terence (D:2)
  Natasha (twice) (D:3)
  4 gnolls (D:3)
  4 adders
  An ooze (D:2)
  2 dart slugs (D:1)
  2 leopard geckos
  3 orcs (D:3)
  7 bats
  7 goblins
  5 hobgoblins
  A quokka (D:2)
  A frilled lizard (D:1)
  7 kobolds
  8 rats
  A bush (D:3)
  4 plants (D:3)
61 creatures vanquished.

Vanquished Creatures (others)
  2 plants (D:3)
2 creatures vanquished.

Grand Total: 63 creatures vanquished

Notes
Turn   | Place    | Note
-------+----------+-------------------------------------------
     0 | D:1      | Descartes the Formicid Fighter began the quest for the Orb.
     0 | D:1      | Reached XP level 1. HP: 18/18 MP: 1/1
   217 | D:1      | Reached XP level 2. HP: 24/24 MP: 2/2
   380 | D:1      | Reached skill level 4 in Shields
   888 | D:2      | Reached XP level 3. HP: 29/29 MP: 3/3
  1011 | D:2      | Reached XP level 4. HP: 11/35 MP: 4/4
  1277 | D:2      | Reached skill level 1 in Maces & Flails
  1753 | D:2      | Noticed Terence
  1759 | D:2      | Killed Terence
  1759 | D:2      | Reached skill level 1 in Dodging
  1961 | D:3      | Reached XP level 5. HP: 6/42 MP: 5/5
  2271 | D:3      | Found a hide-covered altar of Uskayaw.
  2274 | D:3      | Found a radiant altar of Vehumet.
  2531 | D:3      | Noticed Natasha
  2538 | D:3      | Killed Natasha
  2678 | D:3      | Reached skill level 5 in Shields
  2695 | D:3      | Reached XP level 6. HP: 12/48 MP: 6/6
  3245 | D:3      | Noticed a moth of wrath
  3248 | D:3      | Found a bloodstained altar of Trog.
  3250 | D:3      | Noticed Natasha
  3255 | D:3      | Killed Natasha
  3275 | D:3      | Slain by a moth of wrath

Skill      XL: |  1  2  3  4  5 |
---------------+----------------+-----
Shields        | 4 5 |  5.2
Maces & Flails | 1 |  1.8
Dodging        | 1 |  1.5
Fighting       | 4 |  4.2
Armour         | 4 |  4.1
Axes           | |  2.8

Action                   |  1- 3 |  4- 6 || total
-------------------------+-------+-------++-------
Melee: War axe           |    94 |    59 ||   153
       Mace              |       |   151 ||   151
 Abil: Dig               |     1 |     6 ||     7
  Eat: Chunk             |     1 |     8 ||     9
Armor: Scale mail        |    55 |    41 ||    96
Dodge: Dodged            |    41 |    36 ||    77
Block: Shield            |    69 |    59 ||   128
